 Dungeon Crawl Stone Soup version 0.27.1-34-g3ba077fa99 (webtiles) character file.

Game seed: 1002266400517565686

4823 ticklebelly the Cleaver (level 10, 0/92 (93) HPs)
             Began as a Minotaur Berserker on Jan 7, 2022.
             Was a High Priest of Trog.
             Shot with an arrow by a centaur (6 damage)
             ... on level 9 of the Dungeon.
             The game lasted 00:20:46 (8447 turns).

ticklebelly the Cleaver (Minotaur Berserker)        Turns: 8447, Time: 00:20:46

HP:   0/92 (93)     AC: 12    Str: 26    XL:     10   Next: 25%
MP:   9/9           EV:  9    Int:  4    God:    Trog [*****.]
Gold: 430           SH:  4    Dex:  9    Spells: 9/9 levels left

rFire    + + .     SeeInvis .   s - +6 hand axe "Sonuobuo" {venom, +Blink rF+}
rCold    . . .     Faith    .   K - +0 buckler
rNeg     + . .     Spirit   .   c - +0 chain mail
rPois    .         Reflect  .   (helmet restricted)
rElec    .         Harm     .   (no cloak)
rCorr    .         Rampage  .   H - +0 pair of gloves
Will     .....                  (no boots)
Stlth    ..........             (no amulet)
HPRegen  0.25/turn              o - ring of protection from fire
MPRegen  0.11/turn              L - ring of positive energy

@: lightly drained
A: horns 2, retaliatory headbutt
a: Renounce Religion, Evoke Blink, Berserk, Trog's Hand, Brothers in Arms


You were on level 9 of the Dungeon.
You worshipped Trog.
Trog was extremely pleased with you.
You visited 1 branch of the dungeon, and saw 9 of its levels.
You also visited: Sewer.

You collected 430 gold pieces.

Inventory:

Hand Weapons
 a - a +0 hand axe
 s - the +6 hand axe "Sonuobuo" (weapon) {venom, +Blink rF+}
   (You took it off a kobold on level 4 of the Dungeon)

   It poisons the flesh of those it strikes.
   rF:        It protects you from fire.
   +Blink:    It lets you blink.
 t - a +0 war axe
 x - a +2 flail of holy wrath
 y - a +2 war axe of flaming
 O - a +5 antimagic dire flail
Missiles
 u - 5 boomerangs (quivered)
Armour
 c - a +0 chain mail (worn)
 j - a +2 scale mail of fire resistance
 E - +0 swamp dragon scales
 H - a +0 pair of gloves (worn)
 K - a +0 buckler (worn)
Jewellery
 o - a ring of protection from fire (left hand)
 L - a ring of positive energy (right hand)
Wands
 n - a wand of mindburst (8)
 M - a wand of paralysis (4)
 N - a wand of charming (6)
Scrolls
 b - a scroll of summoning {unknown}
 e - 4 scrolls of blinking {unknown}
 g - 4 scrolls of amnesia {unknown}
 i - 4 scrolls of identify
 v - a scroll of silence {unknown}
 z - 2 scrolls of teleportation {unknown}
 A - a scroll of vulnerability {unknown}
 B - a scroll of torment {unknown}
 F - a scroll of fog {unknown}
 G - 3 scrolls of enchant armour {unknown}
 I - a scroll of immolation {unknown}
 J - a scroll of enchant weapon
Potions
 d - 5 potions of flight {unknown}
 f - a potion of might {unknown}
 h - 5 potions of curing
 k - 2 potions of ambrosia {unknown}
 l - 3 potions of invisibility
 m - 2 potions of lignification
 p - 4 potions of haste
 q - 2 potions of degeneration {unknown}
 r - 4 potions of cancellation
 w - a potion of attraction {unknown}
 C - a potion of magic {unknown}
 D - a potion of heal wounds {unknown}


   Skills:
 + Level 9.9 Fighting
 + Level 9.9 Axes
 + Level 9.7 Armour
 - Level 3.0 Dodging
 - Level 4.0 Shields
 - Level 5.0 Evocations


You had 9 spell levels left.
You didn't know any spells.
Your spell library was empty.

Dungeon Overview and Level Annotations

Branches:
Dungeon (9/15)             Temple (0/1) D:4            Lair (0/6) D:8
  Sewer (visited)
    Orc: D:9-12

Altars:
Ashenzari
Dithmenos
Elyvilon
Makhleb
Okawaru
Trog

Shops:
D:4 :   D:5 =   D:6 ?


Innate Abilities, Weirdness & Mutations

You have a pair of horns on your head.
You reflexively headbutt those who attack you in melee.


Message History

The two-headed ogre's minds are blasted!!
A wight comes into view. It is wielding a +2 dagger of freezing.
A wight comes into view. It is wielding a +0 falchion.
A centaur comes into view.
You barely miss the two-headed ogre.
The two-headed ogre is heavily wounded.
The centaur shouts!
You hit the two-headed ogre.
The two-headed ogre is poisoned.
You headbutt the two-headed ogre!
The two-headed ogre is severely wounded.
A wight comes into view. It is wielding a +3 long sword.
The two-headed ogre hits you with a +0 giant spiked club!!
The two-headed ogre hits you with a +0 giant club!
The wight hits you but does no damage.
You fail to use your ability.
The two-headed ogre hits you with a +0 giant spiked club!
The two-headed ogre closely misses you.
The wight hits you from afar with a +3 halberd!
The wight closely misses you. The wight barely misses you.
You fail to use your ability.
The centaur wields a +3 shortbow.
The centaur shoots an arrow.
The arrow barely misses you.
The wight hits you from afar with a +3 halberd!
* * * LOW HITPOINT WARNING * * *
You partially resist.
You feel drained.
* * * LOW HITPOINT WARNING * * *
You blink.
The centaur shoots an arrow.
The arrow barely misses you.
The centaur shoots an arrow.
The arrow barely misses you.
The centaur shoots an arrow.
The arrow hits you but does no damage.
The two-headed ogre looks more healthy.
The centaur shoots an arrow.
The arrow hits you.
* * * LOW HITPOINT WARNING * * *
The centaur shoots an arrow.
The arrow completely misses you.
The centaur shoots an arrow.
The arrow hits you.
* * * LOW HITPOINT WARNING * * *
The centaur shoots an arrow.
The arrow hits you!
* * * LOW HITPOINT WARNING * * *
The centaur shoots an arrow.
The arrow hits you.
You die...

####....#..#.#.#...... ###
##..##..##.###......... ##.##
##....#......#...#......
##...###....#...#..##...#......
##....##...##........#..#.......
#.....##..#......#..#...##......
##...................(.......(...
.#...............................
................@..)zzz..........
.....................O...........
.##.##..............))...........
..#†#..#...............c......z..
#.....##.........................
..._.....................#.......
#.....##................###......
..#.#..#...#............# ##÷....
.##.##.....##....#...#.## #.÷....


You could see a two-headed ogre, a centaur and 3 wights.

Vanquished Creatures
  Maggie (D:6)
  2 trolls
  5 yaks (D:9)
  Edmund (D:5)
  A water moccasin (D:7)
  2 acid dragons
  2 ice beasts
  2 sky beasts
  3 necrophages
  2 ogres
  A phantom (D:5)
  2 centaurs
  3 kobold brigands
  2 bullfrogs (D:7)
  A scorpion (D:4)
  A gnoll sergeant (D:9)
  A water moccasin skeleton (D:4)
  13 killer bees
  A wight (D:9)
  3 howler monkeys
  6 hounds
  A gnoll shaman (D:7)
  A bullfrog skeleton (D:5)
  2 centaur skeletons
  Terence (D:2)
  2 orc wizards
  A hound skeleton (D:4)
  10 gnolls
  5 adders
  9 river rats (Sewer)
  A white imp (D:5)
  An ufetubus (D:6)
  An adder skeleton (D:4)
  2 worms (D:2)
  2 dart slugs
  12 orcs
  15 ball pythons
  12 endoplasms
  2 giant cockroaches (D:1)
  8 goblins
  6 hobgoblins
  20 kobolds
  4 quokkas
  6 bats
  4 frilled lizards
  19 rats
202 creatures vanquished.

Notes
Turn   | Place    | Note
-------+----------+-------------------------------------------
     0 | D:1      | ticklebelly the Minotaur Berserker began the quest for the
                  | Orb.
     0 | D:1      | Reached XP level 1. HP: 19/19 MP: 0/0
   448 | D:1      | You fall into a shaft and drop 1 floor!
   455 | D:2      | Reached XP level 2. HP: 13/27 MP: 1/1
   605 | D:2      | You fall into a shaft and drop 1 floor!
   826 | D:2      | Noticed Terence
   829 | D:2      | Killed Terence
   830 | D:2      | Reached XP level 3. HP: 33/33 MP: 2/2
   906 | D:2      | Found a white marble altar of Elyvilon.
  1035 | D:1      | Reached ** piety under Trog
  1720 | D:2      | Reached XP level 4. HP: 37/40 MP: 3/3
  2253 | D:3      | Noticed a golden eye
  2263 | D:3      | Found a faded altar of an unknown god.
  2265 | D:3      | Noticed an eye of devastation
  2265 | D:3      | Noticed a great orb of eyes
  2265 | D:3      | Noticed an eye of devastation
  2723 | D:3      | Found a bloodstained altar of Trog.
  2835 | D:4      | Reached XP level 5. HP: 38/47 MP: 4/4
  2954 | D:4      | Identified the +6 hand axe "Sonuobuo" {venom, +Blink rF+}
  2959 | D:4      | Reached skill level 5 in Fighting
  2959 | D:4      | Reached skill level 5 in Axes
  2984 | D:4      | Reached *** piety under Trog
  3003 | D:4      | Reached XP level 6. HP: 49/56 MP: 5/5
  3184 | D:4      | Found Guilorib's Book Emporium.
  3277 | D:4      | Found a staircase to the Ecumenical Temple.
  3390 | D:4      | Reached skill level 1 in Evocations
  3433 | D:5      | Entered Level 5 of the Dungeon
  3433 | D:5      | Noticed an ice beast
  3437 | D:5      | Killed an ice beast
  3438 | D:5      | Reached skill level 5 in Armour
  3440 | D:5      | Noticed a sky beast
  3455 | D:5      | Killed a sky beast
  3456 | D:5      | Reached XP level 7. HP: 53/62 MP: 6/6
  3653 | D:5      | Identified the +3 leather armour of Booreohuo {Str-3 Int+7}
  3975 | D:5      | Found Uczajag's Jewellery Shoppe.
  4013 | D:5      | Reached XP level 8. HP: 53/71 MP: 7/7
  4241 | D:5      | Noticed Edmund
  4245 | D:5      | Killed Edmund
  4787 | D:6      | Found a glowing drain.
  4798 | Sewer    | Entered a sewer
  4907 | Sewer    | Reached **** piety under Trog
  5477 | D:6      | Noticed a troll
  5488 | D:6      | Killed a troll
  5698 | D:6      | Noticed Maggie
  5715 | D:6      | Killed Maggie
  5716 | D:6      | Reached XP level 9. HP: 81/81 MP: 8/8
  5935 | D:6      | Found Tymoschyo's Magic Scroll Shoppe.
  6253 | D:7      | Found a shadowy altar of Dithmenos.
  6400 | D:7      | Reached skill level 5 in Evocations
  6521 | D:7      | Found an iron altar of Okawaru.
  6751 | D:7      | Found a burning altar of Makhleb.
  6751 | D:7      | Noticed an Executioner
  7071 | D:7      | Reached ***** piety under Trog
  7196 | D:7      | Reached skill level 1 in Shields
  7471 | D:8      | Noticed a troll
  7478 | D:8      | Killed a troll
  7479 | D:8      | Found a staircase to the Lair.
  8087 | D:9      | Reached XP level 10. HP: 82/91 MP: 9/9
  8224 | D:9      | Found a broken altar of Ashenzari.
  8243 | D:9      | Received a gift from Trog
  8423 | D:9      | Noticed a two-headed ogre
  8447 | D:9      | Shot with an arrow by a centaur

Illustrated notes

Levels and vault maps discovered:
D:1:      giann_horns, layout_loops_corners, grunt_decor_clamped
D:2:      layout_basic, basic_altar, uniq_terence
D:3:      layout_basic, lemuel_coloured_pillars_altar,
          hellmonk_ecumenical_altar_watching_god
D:4:      layout_basic, minmay_temple_entry_butterflies, serial_shops, shop
D:5:      layout_loops_ring, grunt_decor_one_mirror,
          minmay_shop_enchanted_jewellery, uniq_edmund
D:6:      layout_rooms, portal_sewer_entry_d, serial_shops, shop_statue,
          uniq_maggie
D:7:      layout_basic, nicolae_dithmenos_shadow_blocks,
          makhleb_altar_promises_db, okawaru_gym_becter
D:8:      layout_rooms, dpeg_oklobed_lair
D:9:      layout_cross, marbit_many_paths, mainiacjoe_overflow_small_starburst,
          kennysheep_generic_room_12

Skill      XL: |  1  2  3  4  5  6  7  8  9 10 |
---------------+-------------------------------+-----
Fighting       | 4 5 6 8 9 |  9.9
Axes           | 4 5 6 8 9 |  9.9
Armour         | 3 4 5 6 7 9 |  9.7
Dodging        | 3 |  3.0
Evocations     | 1 3 4 5 |  5.0
Shields        | 3 4 |  4.0

Action                   |  1- 3 |  4- 6 |  7- 9 | 10-12 || total
-------------------------+-------+-------+-------+-------++-------
Melee: Hand axe          |    82 |   105 |   237 |    44 ||   468
       Headbutt          |    15 |    26 |    39 |     8 ||    88
Invok: Berserk           |     1 |     1 |     3 |       ||     5
       Trog's Hand       |       |       |     1 |     1 ||     2
 Abil: Evoke Blink       |       |       |       |     1 ||     1
Evoke: Wand              |       |       |       |     2 ||     2
  Use: Scroll            |       |       |     6 |       ||     6
Armor: Chain mail        |    51 |    47 |   122 |    17 ||   237
Dodge: Dodged            |    33 |    40 |   113 |    17 ||   203
Block: Buckler           |       |       |     5 |     7 ||    12
